Workbook

Sheet Instructions
A1: Guidance Notes for Three Year Budget Plan 2024-27
A3: Please read the notes below carefully to ensure you are completing the plan correctly.
A4: All budget lines reflect Consistent Financial Reporting (CFR) classifications.
A5: On the Three Year Plan tab, input data in the yellow coloured cells only.
A6: Please include notes re assumptions used and any differences between the 3 years in Column U
A7: Significant changes should be linked to the School Development plan or Asset Management Plan - include a reference ("SDP"; "AMP"; date of Governors meeting) in Column U.
A8: Future years can be based on either Y1 'Current Budget' or Y1 'Projected Outturn' by using the purple drop-down box (cell H2). 'Current Budget' ( column H) should be completed for initial submission; 'Projected Outturn' (Column I) should be completed during the year. Use the 3 year plan as a working document, updating for significant changes eg 6 month and 9 month budget monitoring.
A9: Please remember to include the name of the school at the top of the plan.
A11: NOR | B11: Please include figures for the census relating to the budget plan (eg Oct 23 census for 2024/25; forecast Oct 24 census for 2025/26, etc) - main school figures in Row 5; Nursery / RU / 6th Form in Row 6.
A13: SCHOOLS WITH AN 'E' BUDGET
A14: The DfE views a school as a single entity (ie B and E budget combined). Any information held on eg the benchmarking website will relate to both cost centres. Please complete the separate 'E budget' tab if you have one.
A16: Prior Years 2022-23 and 2023-24
A17: We have included 2 prior years on the template as it is helpful for Governors to see historic trends. Complete column D and F per the final (p13) CFR report.
A19: 2024-25
A20: Complete column H per 2024/25 Annual Budget Plan.
A21: Column I 'Projected Outturn' does not need to be completed on submission. It should be used as a working document throughout the year and the 'Projected Outturn' column should reflect any significant changes. Rationale and detail should be entered into the 'Notes' cells.
A23: Y1 PROJECTED OUTTURN AND YEARS 2 & 3
A24: GRANT FUNDING
A25: Funding figures for Years 2 and 3 should only change if pupil numbers change (known or realistic expectation). Do not include any inflation or other changes to funding as this is unknown.
A26: I01 Budget Share | B26: Use the 2024/25 Budget Notification spreadsheet to calculate any adjustments due to NOR changes for Years 2 and 3. Please include rationale for any adjustments in the 'Notes' cell.
A27: I01 Teachers Pay & Pension Grants | B27: These were rolled into AWPU in 22-23 for most schools other than Special Schools and Nursery Schools/classes. The grants no longer exist separately for any school in 23-24.
A28: I03 High Needs Top-up | B28: Should be estimated using information from Sarah Ward. Adjustments for Years 2 & 3 should be based on school's knowledge of existing pupils - include details in the 'Notes' column.
A29: I05 Pupil Premium | B29: Adjust for any changes in relevant pupil numbers (ie current £ per pupil x school estimate of pupil numbers) - include details in the 'Notes' column.
A30: I18C Recovery Premium | B30: Will continue for academic years 22-23 and 23-24, so impacting financial years up until 24-25. Adjust for NOR changes.
A31: I18C School-led tutoring | B31: Will continue for academic years 22-23 and 23-24, so impacting financial years up until 24-25. Don't include funding in 3 year plan if you are not using it. Ensure corresponding costs are included in plan.
A32: I18 PE Grant | B32: Confirmed continuation for academic years 23-24 and 24-25. Assume funding is calculated as in PYs (adjust for NOR changes). Ensure use is in line with up to date guidance (no capital) and corresponding expenditure has been included.
A33: I18 UIFSM | B33: Ensure that funding matches expenditure (funding currently at £2.53/meal, less than expected meal price increase). NB UIFSM does not cover meals for actual FSM children in infant classes.
A34: I18A-C Old Coronavirus Grants | B34: No longer included separately as most are just relevant for the Prior Years. These could be included in the blank rows labelled 'Other' - include details in the 'Notes' column.
A36: SELF-GENERATED INCOME
A37: Include assumptions and differences between the years in the 'Notes' column. Do not use donations as a balancing figure.
A39: TOTAL REVENUE INCOME ("TRI")
A40: This is Total 'Grant Funding' plus Total 'Self-Generated Income'.
A42: EXPENDITURE
A43: STAFF COSTS | B43: The 3 year plan should include all increments and expected staff changes but an inflationary increase is not needed, unless you can afford it (1-3%). Ensure Governor are aware of your methodology by including details in the 'Notes' cells. Funding has not been inflated.
A44: E01 to E07 | B44: Please use Bursar Support's Salary Spreadsheet to calculate employee costs: Totals are shown on the 'Salaries' tab of the tool (ensure the drop down box in A1 is set to 'TOTAL'); on the 'Year 2' and 'Year 3' tabs an uplift of 0% is acceptable to apply no inflationary increase, but a % uplift of 1-3% can be applied (depending on what is affordable) (cells CD2, CD3 and CH2 for Year 2; cells CF2, CF3 and CJ2 for Year 3). Input the totals generated directly into the yellow cells on the face of the plan.
B45: The 'Notes' cells must be used to show detail of any significant changes year on year.
A46: E08-E11 Indirect Employee Cost | B46: Indirect Employee Costs are NOT generated by the Salary Commitment Tool. Please enter the costs directly into the yellow cells of the plan.
A47: NON-STAFFING COSTS | B47: Expenditure in Years 1-3, please enter the costs directly into the yellow cells of the plan. Inflationary increases are not required as funding has not been inflated. However included any increases due to NOR changes, SDP plans, etc.
B48: - 24/25 Projected Outturn, select this option from the drop-down menu in cell H2 if you are using it as a working document throughout the year.
B49: - Year 2 is 2025/26 (the b/f from 24/25 will be per the budget plan if 'Current Year' is selected in the purple box H2, or per the 'Projected Outturn' if selected)
A51: E BUDGET
A52: E Budget | B52: These totals calculate from the 'E Budget' tab.
A54: SURPLUS/(DEFICIT) POSITION
A55: b/f Surplus/ (deficit) | B55: Shows the brought forward position from the previous year - input for the beginning of 22/23 and then calculated automatically
A56: In year balance | B56: I.e., TRI less expenditure
A57: Surplus/ (deficit) at YE | B57: Shows the expected surplus (Schools may be used to calling this the "Contingency" for the current year) or deficit position at the year end (calculated automatically).
A59: STAFFING METRICS
A60: The Integrated Curriculum and Financial Planning methodology ("ICFP") includes 12 metrics that are useful for monitoring the financial resilience of a School's budget and 3 year plans. We have included some here that can be directly generated from the budget plan/CFR report.
A61: The metrics are a useful starting point for discussion and a tool to enable a school to ensure its financial resilience. It may be helpful to download historic data for the School from the Benchmarking Website and track the trend over the last 5 years.
A63: The following data is used for the metrics:
A64: "TRI" Total Revenue Income | B64: All the CFR "I" codes, ie Total Grant Funding + Total Self-Generated Income
A65: "TTC" Total Teaching Staff Costs | B65: E01 + E02 + E26 + any teaching staff costs included in another CFR code (eg an external head; language teachers under E28). Teaching staff costs includes non-classroom based teachers (eg leadership).
A66: "CSC" Curriculum Staff Costs | B66: E03, ie the costs of TAs and HLTAs.
A67: "NCSC" Non-Curriculum Staff Costs | B67: E04 + E05 + E06 + E07. Where services are externally contracted (eg cleaning, catering, etc), include the labour cost under NCSC.
A68: Total Staff Costs | B68: TTC + CSC + NCSC (ie E01 to E11 + E26). You could also make adjustments for staff costs included in cleaning, catering contracts, etc and any external teachers under E28. Or you may want to compare this to Total Staff Pay costs (ie E01 to E07 + E26). Ensure Governors are aware of how this has been calculated.
A69: Benchmarks
A70: Total Staff Costs | B70: 78% for Primary schools; 75% for secondaries. Any higher, and the school may struggle to cover its fixed costs as well as invest in longer term resources, eg buildings, IT, etc.
A71: Total Teaching Costs | B71: Primary Schools less than 50% of TRI; Secondary Schools may find they spend slightly more.
A72: Curriculum Staff Costs | B72: Primary Schools less than 15% of TRI; Secondary Schools less than 12%.
A74: Years 1 and 2
A75: Years 1 and 2 must balance or at least be break-even. If not, you will need to contact Bursar Support who will then follow up with details of the Deficit Application process.
A77: Governors Sign-off
A78: Please ensure that the plan is discussed by the Governors at FGB and signed off by the Chair of Governors (FGB Sign-off tab) before submitting a copy to Bursar Support by 31 May 2024

Sheet Three Year Plan
A1: THREE YEAR BUDGET PLAN 2024/27 | F1: SCHOOL: | H1: HOLY TRINITY SUNNINGDALE | N1: Cost Centre: | P1: FAWB | S1: Appendix 1
H2: Projected yr end
A3: INPUT DATA IN YELLOW COLOURED CELLS ONLY. | C3: Notes | D3: Prior Year (actual) | H3: Current Budget Year 1 | I3: ='[1]Office use'!B3 -> Projected Outturn | L3: projected 9/10 | M3: current 9/10 | N3: ='[1]Office use'!D3 -> Year 2 | P3: ='[1]Office use'!F3 -> Year 3 | Q3: Year 4 2011/12 | R3: Year 4 2011/12 | S3: Year 5 20012/13 | U3: Notes (re assumptions and changes between years)
D4: 2022/23 | F4: 2023/24 | H4: 2024/25 | N4: 2025/26 | P4: 2026/27
A5: Deficit Recovery Year | H5: Deficit Year 1 | N5: Deficit Year 2 | P5: Deficit Year 3
A6: NOR - Main School (Oct 21/22/23/24/25) | D6: 241 | F6: 212 | H6: 207 | N6: 208 | P6: 208 | U6: [comments on significant changes]
A7: NOR - Nursery / RU / 6th Form | U7: [comments on significant changes]
A9: Income
A10: Grant Funding
A11: I01 | B11: Budget Share | D11: 1021395 | F11: 950482 | H11: 982902 | I11: 982902 | N11: 986668 | P11: 986668 | U11: 23/24 onwards does not include rates funding.
A12: I01 | B12: Early Years Funding (2yrs, 3&4 yrs)
A13: I01 | B13: SEN Resource Unit Place Funding
A14: I01 | B14: Teachers Pay & Pension Grants | F14: 0 | H14: 0 | I14: 0 | N14: 0 | P14: 0 | U14: Up to 20/21 only. Nurseries up to 22/23 only, Special schls up to 23/24 only
A15: I01 | B15: Supplementary Grant 22/23, 23/24 | D15: 30588 | H15: 0 | I15: 0 | N15: 0 | P15: 0 | U15: Up to 22/23 only. Nurseries up to 23/24 only
A16: I01 | B16: MSAG 23/24 | D16: 0 | F16: 33330 | H16: 0 | I16: 0 | N16: 0 | P16: 0 | U16: Up to 23/24 only.
A17: I01 | B17: TPAG 23/24 & 24/25 (Teachers Pay Additional Grant) | D17: 0 | F17: 10053 | H17: 7234 | I17: 7234 | U17: Up to 24/25 only.
A18: I01 | B18: Teachers Pension Grant - Post 16 & TPECG 2024 | D18: 0 | H18: 20496 | I18: 20496 | N18: 20496 | P18: 20496 | U18: Post 16 & TPECG 204
A19: I01 | B19: Special Schools Annex 2 HN Funding | D19: 0 | U19: Special Schools only.
A20: I01 | B20: HN Teachers Pay & Pension Funding | D20: 0 | U20: Special Schools only.
A21: I02 | B21: ESFA Funding for Sixth Form | D21: 0 | U21: Sixth Form only
A22: I03 | B22: High Needs Top-Up Funding | D22: 32015 | F22: 41102 | H22: 17429 | I22: 17429 | N22: 25000 | P22: 25000
A23: I05 | B23: Pupil Premium | D23: 32880 | F23: 27220 | H23: 19305 | I23: 19305 | N23: 19305 | P23: 19305
A24: I06 | B24: Other Government Grants
A25: I07 | B25: Other Grants
A26: I18C | B26: (COVID) Recovery Premium | D26: 7299 | F26: 4939 | N26: 0 | P26: 0 | U26: Up to Aug 2024 only.
A27: I18C | B27: (COVID) School-led Tutoring | N27: 0 | P27: 0 | U27: Up to Aug 2024 only.
A28: I18D | B28: Primary PE and Sports Grant | D28: 18091 | F28: 17931 | H28: 17931 | I28: 17931 | N28: 17931 | P28: 17931
A29: I18D | B29: UIFSM | D29: 37449 | F29: 40249 | H29: 40249 | I29: 40249 | N29: 40249 | P29: 40249
A30: I18A/B | B30: Covid Grants - historic | F30: 0 | H30: 0 | I30: 0 | N30: 0 | P30: 0
B31: [Other] | F31: 3383
A32: Total Grant Funding | D32: =SUM(D11:D31) -> 1179717 | F32: =SUM(F11:F31) -> 1128689 | H32: =SUM(H11:H31) -> 1105546 | I32: =SUM(I11:I31) -> 1105546 | N32: =SUM(N11:N31) -> 1109649 | P32: =SUM(P11:P31) -> 1109649 | Q32: =SUM(Q11:Q31) -> 0 | R32: =SUM(R11:R31) -> 0 | S32: =SUM(S11:S31) -> 0
A33: Self-Generated Income
A34: I08a | B34: Lettings
A35: I08b | B35: Facilities and services | D35: 36981 | F35: 29017 | H35: 43398 | I35: 43398 | N35: 43398 | P35: 43398
A36: I09 | B36: Catering
A37: I10-11 | B37: Insurance Receipts | F37: 10820
A38: I12 | B38: Contributions to Visits, etc | D38: 27689 | F38: 33247
A39: I13 | B39: Donations/Voluntary Funds | D39: 15519 | F39: 2864 | H39: 40000 | I39: 40000 | N39: 40000 | P39: 40000
B40: [Other]
A41: Total Self-Generated Income | D41: =SUM(D34:D40) -> 80189 | F41: =SUM(F34:F40) -> 75948 | H41: =SUM(H34:H40) -> 83398 | I41: =SUM(I34:I40) -> 83398 | N41: =SUM(N34:N40) -> 83398 | P41: =SUM(P34:P40) -> 83398
A42: Total Revenue Income ("TRI") | D42: =D32+D41 -> 1259906 | F42: =F32+F41 -> 1204637 | H42: =H32+H41 -> 1188944 | I42: =I32+I41 -> 1188944 | N42: =N32+N41 -> 1193047 | P42: =P32+P41 -> 1193047
A44: Expenditure
A45: E01 | B45: Teaching Staff | D45: 562796 | F45: 578254 | H45: 636632 | I45: 636632 | N45: 636632 | P45: 636632
A46: E02 | B46: Supply Staff | D46: 2390 | F46: 2600 | H46: 5000 | I46: 0
A47: E03 | B47: Support Staff | D47: 278887 | F47: 293487 | H47: 266362 | I47: 256628 | N47: 189890 | P47: 189890 | U47: Reduction part of year 1, full year in years 2 and 3
A48: E04 | B48: Premises Staff | D48: 32646 | F48: 34300 | H48: 36190 | I48: 36190 | N48: 36190 | P48: 36190
A49: E05 | B49: Administration & Clerical Staff | D49: 55886 | F49: 62340 | H49: 66009 | I49: 66009 | N49: 62340 | P49: 62340
A50: E06-7 | B50: Other Staff | D50: 6543 | F50: 6380 | H50: 5528 | I50: 5528 | N50: 6380 | P50: 6380
A51: E08-11 | B51: Indirect Employee Costs | D51: 15457 | F51: 12296 | H51: 11585 | I51: 11585 | N51: 11585 | P51: 11585
A52: Total Staff Costs | D52: =SUM(D45:D51) -> 954605 | F52: =SUM(F45:F51) -> 989657 | H52: =SUM(H45:H51) -> 1027306 | I52: =SUM(I45:I51) -> 1012572 | N52: =SUM(N45:N51) -> 943017 | P52: =SUM(P45:P51) -> 943017 | Q52: =SUM(Q45:Q51) -> 0 | R52: =SUM(R45:R51) -> 0 | S52: =SUM(S45:S51) -> 0
A54: E12-18 | B54: Premises Related Costs (not E16 & E17) | D54: 73234 | F54: 39149 | H54: 37687 | I54: 37687 | N54: 36676 | P54: 36676
A55: E16 | B55: Energy costs | D55: 15143 | F55: 19684 | H55: 20000 | I55: 20000 | N55: 20000 | P55: 20000
A56: E17 | B56: Rates | D56: 0 | F56: 0 | H56: 0 | I56: 0 | N56: 0 | P56: 0 | U56: 22/23 Change in Rates - schools no longer receive funding or cost except for Nurseries
A57: E19 | B57: Learning resources not ICT | D57: 83128 | F57: 69802 | H57: 61000 | I57: 55000 | N57: 55000 | P57: 55000
A58: E20 | B58: ICT Learning resources | D58: 21174 | F58: 24416 | H58: 22421 | I58: 22421 | N58: 22421 | P58: 22421
A59: E21-23 | B59: Other Supplies & Services | D59: 12742 | F59: 15084 | H59: 13123 | I59: 13123 | N59: 13123 | P59: 13123
A60: E24 | B60: Special facilities
A61: E25 | B61: Catering Supplies | D61: 53294 | F61: 42559 | H61: 42006 | I61: 42006 | N61: 42006 | P61: 42006
A62: E26 | B62: Agency Supply Teaching Staff
A63: E27 | B63: Bought in services - curriculum | D63: 8571 | F63: 14186 | H63: 12848 | I63: 12848 | N63: 12848 | P63: 12848
A64: E28 | B64: Bought in services - other | D64: 27791 | F64: 22870 | H64: 22670 | I64: 22670 | N64: 22670 | P64: 22670
A65: E29 | B65: Loan Interest
A66: E30 | B66: Revenue contribution to Capital
A67: E31-32 | B67: Community focused staff and costs
N68: =IF($H$2="current budget",M68,L68) -> 0
N69: =IF($H$2="current budget",M69,L69) -> 0
A70: Total Non-Staffing Costs | D70: =SUM(D54:D69) -> 295077 | F70: =SUM(F54:F69) -> 247750 | H70: =SUM(H54:H69) -> 231755 | I70: =SUM(I54:I69) -> 225755 | N70: =SUM(N54:N69) -> 224744 | P70: =SUM(P54:P69) -> 224744 | Q70: =SUM(Q54:Q66) -> 0 | R70: =SUM(R54:R66) -> 0 | S70: =SUM(S54:S66) -> 0
A72: Total Expenditure | D72: =SUM(D52+D70) -> 1249682 | F72: =SUM(F52+F70) -> 1237407 | H72: =SUM(H52+H70) -> 1259061 | I72: =SUM(I52+I70) -> 1238327 | N72: =SUM(N52+N70) -> 1167761 | P72: =SUM(P52+P70) -> 1167761 | Q72: =SUM(Q52+Q70) -> 0 | R72: =SUM(R52+R70) -> 0 | S72: =SUM(S52+S70) -> 0
A74: Surplus / (Deficit) Position
A75: Surplus/(Deficit) b/f from Prior Year | D75: 28243 | F75: =D77 -> 38467 | H75: =F77 -> 5697 | I75: =IF($H$2="current budget",0,F77) -> 5697 | N75: =IF(H2="Projected yr end", I77,H77) -> -43686 | P75: =N77 -> -18400
A76: In-Year Balance (TRI less Exp) | D76: =D42-D72 -> 10224 | F76: =F42-F72 -> -32770 | H76: =H42-H72 -> -70117 | I76: =I42-I72 -> -49383 | N76: =N42-N72 -> 25286 | P76: =P42-P72 -> 25286
A77: Surplus/(Deficit) at year end | D77: =SUM(D75:D76) -> 38467 | F77: =SUM(F75:F76) -> 5697 | H77: =SUM(H75:H76) -> -64420 | I77: =SUM(I75:I76) -> -43686 | N77: =SUM(N75:N76) -> -18400 | P77: =SUM(P75:P76) -> 6886 | U77: Deficit Reduction Plan required if Deficit in Year 1 or 2.
A79: Surplus/(Deficit) as % of Budget Share | D79: =D77/D11 -> 0.037661238 | F79: =F77/F11 -> 0.005993801 | H79: =H77/H11 -> -0.065540613 | I79: =I77/I11 -> -0.044445937 | N79: =N77/N11 -> -0.018648623 | P79: =P77/P11 -> 0.0069790446
A81: STAFFING METRICS (see 'Instructions' tab)
A82: TOTAL STAFF COSTS ** / TRI | D82: =(D52+D62)/D42 -> 0.75767954 | F82: =(F52+F62)/F42 -> 0.8215396 | H82: =(H52+H62)/H42 -> 0.86404911 | I82: =(I52+I62)/I42 -> 0.8516566 | N82: =(N52+N62)/N42 -> 0.79042737 | P82: =(P52+P62)/P42 -> 0.79042737 | U82: DfE Benchmark to be below 78% (Primary); 75% (Secondary)
A84: TOTAL TEACHING COSTS ** / TRI | D84: =(D45+D46+D62)/D42 -> 0.44859378 | F84: =(F45+F46+F62)/F42 -> 0.48218177 | H84: =(H45+H46+H62)/H42 -> 0.53966545 | I84: =(I45+I46+I62)/I42 -> 0.53546004 | N84: =(N45+N46+N62)/N42 -> 0.53361854 | P84: =(P45+P46+P62)/P42 -> 0.53361854 | U84: DfE Benchmark to be below 49% (Primary); 54% (Secondary)
A86: CURRIC SUPPORT STAFF COSTS (E03) / TRI | D86: =D47/D42 -> 0.2213554 | F86: =F47/F42 -> 0.24363107 | H86: =H47/H42 -> 0.22403242 | I86: =I47/I42 -> 0.21584532 | N86: =N47/N42 -> 0.15916389 | P86: =P47/P42 -> 0.15916389
A88: NON-CURRICULUM STAFF COSTS ** / TRI | D88: =(D48+D49+D50)/D42 -> 0.075461979 | F88: =(F48+F49+F50)/F42 -> 0.085519538 | H88: =(H48+H49+H50)/H42 -> 0.090607295 | I88: =(I48+I49+I50)/I42 -> 0.090607295 | N88: =(N48+N49+N50)/N42 -> 0.087934507 | P88: =(P48+P49+P50)/P42 -> 0.087934507
B90: Current Budget
B91: Projected yr end
A93: FGB Sign Off | C93: 2020/21 | D93: 2020/21 | F93: 2021/22 | H93: 2022/23 | I93: 2022/23 | N93: 2023/24 | P93: 2024/25
C94: £ | D94: £ | F94: £ | H94: £ | I94: £ | N94: £ | P94: £
A95: Surplus/(Deficit) at year end | C95: ='[1]Three year plan'!D152 -> #REF! | D95: =D77 -> 38467 | F95: =F77 -> 5697 | H95: =H77 -> -64420 | I95: =I77 -> -43686 | N95: =N77 -> -18400 | P95: =P77 -> 6886

Sheet E Budget
A1: THREE YEAR E BUDGET PLAN 2024/27 | F1: SCHOOL: | G1: ='Three Year Plan'!H1 -> HOLY TRINITY SUNNINGDALE | N1: Cost Centre: | S1: Appendix 1
H2: Current Budget
A3: INPUT DATA IN YELLOW COLOURED CELLS ONLY. | C3: Notes | D3: Prior Year (actual) | H3: Current Budget Year 1 | I3: ='[1]Office use'!B3 -> Projected Outturn | L3: projected 9/10 | M3: current 9/10 | N3: ='[1]Office use'!D3 -> Year 2 | P3: ='[1]Office use'!F3 -> Year 3 | Q3: Year 4 2011/12 | R3: Year 4 2011/12 | S3: Year 5 20012/13 | U3: Notes (re changes between Y1, Y2 and Y3) | W3: Current Budget
D4: ='Three Year Plan'!D4 -> 2022/23 | F4: ='Three Year Plan'!F4 -> 2023/24 | H4: 2024/25 | N4: ='Three Year Plan'!N4 -> 2025/26 | P4: ='Three Year Plan'!P4 -> 2026/27 | W4: Projected yr end
A5: Income
A6: Self-Generated Income
A7: I08b | B7: Facilities and services
A8: I13 | B8: Donations/Voluntary Funds
B9: [Other]
A10: Total Revenue Income ("TRI") | D10: =SUM(D7:D9) -> 0 | E10: =SUM(E7:E9) -> 0 | F10: =SUM(F7:F9) -> 0 | H10: =SUM(H7:H9) -> 0 | I10: =SUM(I7:I9) -> 0 | N10: =SUM(N7:N9) -> 0 | P10: =SUM(P7:P9) -> 0
A11: Expenditure
A12: E03 | B12: Education Support Staff
A13: E05 | B13: Admin and Clerical
A14: E08-11 | B14: Indirect Employee Costs
A15: E19 | B15: Learning resources not ICT
A16: E25 | B16: Catering Supplies
A17: E28 | B17: Bought in services - other
A18: Total Expenditure | D18: =SUM(D12:D17) -> 0 | F18: =SUM(F12:F17) -> 0 | H18: =SUM(H12:H17) -> 0 | I18: =SUM(I12:I17) -> 0 | N18: =SUM(N12:N17) -> 0 | P18: =SUM(P12:P17) -> 0 | Q18: =SUM(#REF!+Q17) -> #REF! | R18: =SUM(#REF!+R17) -> #REF! | S18: =SUM(#REF!+S17) -> #REF!
A20: Surplus / (Deficit) Position
A21: Surplus/(Deficit) b/f from Prior Year | F21: =D23 -> 0 | H21: =F23 -> 0 | I21: =IF($H$2="current budget",0,F23) -> 0 | N21: =IF(H2="Projected yr end", I23,H23) -> 0 | P21: =N23 -> 0
A22: In-Year Balance (TRI less Expenditure) | D22: =D10-D18 -> 0 | F22: =F10-F18 -> 0 | H22: =H10-H18 -> 0 | I22: =I10-I18 -> 0 | N22: =N10-N18 -> 0 | P22: =P10-P18 -> 0
A23: Surplus/(Deficit) at year end | D23: =SUM(D21:D22) -> 0 | F23: =SUM(F21:F22) -> 0 | H23: =SUM(H21:H22) -> 0 | I23: =SUM(I21:I22) -> 0 | N23: =SUM(N21:N22) -> 0 | P23: =SUM(P21:P22) -> 0

Sheet Balances
A1: ANALYSIS OF REVENUE BALANCES | D1: SCHOOL: | E1: ='Three Year Plan'!H1 -> HOLY TRINITY SUNNINGDALE | H1: Cost Centre: | I1: ='Three Year Plan'!P1 -> FAWB
A2: 2024-27
B3: £
A4: Balances at 1.4.24 | B4: ='Three Year Plan'!H75 -> 5697
A6: Uncommitted Balances | C6: Max: Secondary 5% of TRI; Primary 8% of TRI
A7: Committed Balances | C7: Should agree to Balance Control Mechanism submission
A9: Balances at 1.4.24 | B9: =SUM(B6:B8) -> 0 | C9: = B4 above
B10: =IF(B9=B4,"","ERROR") -> ERROR
E11: Costs in 2024-25 Budget Plan
A12: COMMITTED BALANCES | B12: At 1.4.24 | C12: SDP Reference | D12: Expected Yrs of project | E12: eg E19 | F12: eg E21 | G12: E | H12: E | I12: E | J12: c/f at 31.3.25
B13: £ | E13: £ | F13: £ | G13: £ | H13: £ | I13: £ | J13: £
A14: eg IT Project | J14: =B14-SUM(E14:I14) -> 0
A15: Library Project | J15: =B15-SUM(E15:I15) -> 0
A16: etc | J16: =B16-SUM(E16:I16) -> 0
J17: =B17-SUM(E17:I17) -> 0
J18: =B18-SUM(E18:I18) -> 0
J19: =B19-SUM(E19:I19) -> 0
J20: =B20-SUM(E20:I20) -> 0
J21: =B21-SUM(E21:I21) -> 0
J22: =B22-SUM(E22:I22) -> 0
J23: =B23-SUM(E23:I23) -> 0
J24: =B24-SUM(E24:I24) -> 0
J25: =B25-SUM(E25:I25) -> 0
J26: =B26-SUM(E26:I26) -> 0
J27: =B27-SUM(E27:I27) -> 0
J28: =B28-SUM(E28:I28) -> 0
... J30: =B30-SUM(E30:I30) -> 0
B32: =SUM(B14:B30) -> 0 | J32: =SUM(J14:J30) -> 0
B33: =IF(B32=B7,"","ERROR")
A34: Please refer to the DfE's Consistent Financial Reporting Framework for appropriate use of Committed Balances.
A35: Committed Balances should tie into the School Development Plan.
A36: This might include:
A37: Specific grants carried forward from one financial year to the next (particularly when they relate to an academic year) eg Pupil Premium, Coronavirus Catch-up Funding, etc
A38: A planned investment projects, eg IT investment, improvements to the site and buildings, etc. These projects should be specifically agreed in the School Development Plan and include a start date and expected time to completion
A39: Significant and known short-term changes to pupil numbers (eg Garrison changes)
A40: Staffing - only where there are specific short-term and one-off costs in response to needs identified by Ofsted or as a result of staff restructuring.

Sheet Capital Budget
A1: CAPITAL BUDGET PLAN 2024/27 | F1: SCHOOL: | G1: ='Three Year Plan'!G1 -> 0 | J1: Cost Centre: | O1: Appendix 1
A3: INPUT DATA IN YELLOW COLOURED CELLS ONLY. | C3: Notes | D3: Prior Year (actual) | H3: Current Budget Year 1 | J3: ='[1]Office use'!D3 -> Year 2 | L3: ='[1]Office use'!F3 -> Year 3 | M3: Year 4 2011/12 | N3: Year 4 2011/12 | O3: Year 5 20012/13 | Q3: Notes Y1 | R3: Notes Y2 | S3: Notes Y3 | U3: Current Budget
D4: ='Three Year Plan'!D4 -> 2022/23 | F4: ='Three Year Plan'!F4 -> 2023/24 | H4: {='Three Year Plan'!H4:I4} -> 2024/25 | I4: 0 | J4: ='Three Year Plan'!N4 -> 2025/26 | L4: ='Three Year Plan'!P4 -> 2026/27 | U4: Projected yr end
A5: Capital Income
A6: CI01 | B6: Capital Income
A7: CI03 | B7: Voluntary or Private Income
A8: CI04 | B8: Direct Revenue Financing | D8: ='Three Year Plan'!D66 -> 0 | F8: ='Three Year Plan'!F66 -> 0 | H8: ='Three Year Plan'!H66 -> 0 | J8: ='Three Year Plan'!M66 -> 0 | L8: ='Three Year Plan'!O66 -> 0
D9: =SUM(D6:D8) -> 0 | E9: =SUM(E6:E8) -> 0 | F9: =SUM(F6:F8) -> 0 | H9: =SUM(H6:H8) -> 0 | J9: =SUM(J6:J8) -> 0 | L9: =SUM(L6:L8) -> 0
A11: Capital Expenditure
A12: CE01 | B12: Acquisition of land and existing buildings
A13: CE02 | B13: New construction, conversion, renovation
A14: CE03 | B14: Vehicles, plant, equipment & machinery
A15: CE04 | B15: ICT
D16: =SUM(D12:D15) -> 0 | F16: =SUM(F12:F15) -> 0 | H16: =SUM(H12:H15) -> 0 | J16: =SUM(J12:J15) -> 0 | L16: =SUM(L12:L15) -> 0 | M16: =SUM(#REF!+#REF!) -> #REF! | N16: =SUM(#REF!+#REF!) -> #REF! | O16: =SUM(#REF!+#REF!) -> #REF!
A18: Surplus / (Deficit) Position
A19: Surplus/(Deficit) b/f from Prior Year | F19: =D21 -> 0 | H19: =F21 -> 0 | J19: =H21 -> 0 | L19: =J21 -> 0
A20: In-Year Balance | D20: =D9-D16 -> 0 | F20: =F9-F16 -> 0 | H20: =H9-H16 -> 0 | J20: =J9-J16 -> 0 | L20: =L9-L16 -> 0
A21: Surplus/(Deficit) at year end | D21: =SUM(D19:D20) -> 0 | F21: =SUM(F19:F20) -> 0 | H21: =SUM(H19:H20) -> 0 | J21: =SUM(J19:J20) -> 0 | L21: =SUM(L19:L20) -> 0

Sheet Governor Sign-off
A1: THREE YEAR BUDGET PLAN 2024/27 | D1: SCHOOL: | E1: ='Three Year Plan'!G1 -> 0
A3: YEAR-END BALANCE | C3: Prior Year | D3: Prior Year | E3: Year 1 | F3: ='[1]Office use'!D3 -> Year 2 | G3: ='[1]Office use'!F3 -> Year 3
C4: ='Three Year Plan'!D4 -> 2022/23 | D4: ='Three Year Plan'!F4 -> 2023/24 | E4: 2024/25 | F4: ='Three Year Plan'!N4 -> 2025/26 | G4: ='Three Year Plan'!P4 -> 2026/27
C5: £ | D5: £ | E5: £ | F5: £ | G5: £
A6: ='Three Year Plan'!P1 -> FAWB | C6: ='Three Year Plan'!D77 -> 38467 | D6: ='Three Year Plan'!F77 -> 5697 | E6: ='Three Year Plan'!H77 -> -64420 | F6: ='Three Year Plan'!N77 -> -18400 | G6: ='Three Year Plan'!P77 -> 6886
A7: ='E Budget'!P1 -> 0 | C7: ='E Budget'!D23 -> 0 | D7: ='E Budget'!F23 -> 0 | E7: ='E Budget'!H23 -> 0 | F7: ='E Budget'!N23 -> 0 | G7: ='E Budget'!P23 -> 0
A8: Total YE balance (B + E) | C8: =C6+C7 -> 38467 | D8: =D6+D7 -> 5697 | E8: =E6+E7 -> -64420 | F8: =F6+F7 -> -18400 | G8: =G6+G7 -> 6886
A11: The above plan has been agreed by the Governing Body of | E11: =E1 -> 0
A13: at its meeting of
A16: Signed (Headteacher): | D16: Signed (Chair of Governors):
A18: Printed (Headteacher): | D18: Printed (Chair of Governors):
A20: Date: | D20: Date:
A23: School 3 Year Budget Plan to be returned to BST by 31 May 2024
